[Event "ICC tourney 1900 (45 10)"]
[Site "Internet Chess Club"]
[Date "2020.07.04"]
[Round "1"]
[White "bbrockva"]
[Black "adchess"]
[Result "0-1"]
[ICCResult "White resigns"]
[WhiteElo "1580"]
[BlackElo "2089"]
[Opening "QGD: exchange, positional line"]
[ECO "D35"]
[NIC "QO.16"]
[Time "11:07:38"]
[TimeControl "2700+10"]

1. d4 d5 2. c4 Nf6 3. Nc3 e6 4. cxd5 exd5 5. Bg5 Nbd7 6. e3 c6 7. Bd3 Be7 8.
Nge2 O-O 9. Qc2 h6 10. Bh4 Re8 11. O-O Ne4 12. Bxe7 Qxe7 13. Nxe4 dxe4 14.
Bc4 Nf6 15. Rad1 Bg4 16. Rd2 Rac8 17. h3 Bxe2 18. Rxe2 b5 19. Bb3 a5 20. a3
a4 21. Ba2 c5 22. dxc5 Rxc5 23. Qb1 Rec8 24. Rd2 R5c6 25. Rfd1 g5 26. Kh2
Kg7 27. Rf1 h5 28. Qd1 g4 29. h4 g3+ 30. Kxg3 Qe5+ 31. Kh3 Rc1 32. Qe2 Ng4
33. g3 Qf5 34. Kg2 Qf3+ 35. Qxf3 exf3+ 36. Kxf3 Rxf1 37. Rd7 Rxf2+
{White resigns}
0-1

[Event "ICC tourney 1900 (45 10)"]
[Site "Internet Chess Club"]
[Date "2020.07.04"]
[Round "1"]
[White "Gurru235088"]
[Black "pawnpush202044"]
[Result "0-1"]
[ICCResult "White resigns"]
[WhiteElo "1410"]
[BlackElo "1384"]
[Opening "QGD: exchange, positional line"]
[ECO "D35"]
[NIC "QO.16"]
[Time "11:07:28"]
[TimeControl "2700+10"]

1. d4 d5 2. c4 e6 3. Nc3 Nf6 4. cxd5 exd5 5. Bg5 Be7 6. e3 c6 7. Bd3 Nbd7 8.
Nf3 O-O 9. O-O Re8 10. Qc2 h6 11. Bf4 Nf8 12. a3 a5 13. Na4 Ne6 14. Bg3 b5
15. Nc3 Bb7 16. Rac1 Rc8 17. Ne2 b4 18. Nf4 Nxf4 19. Bxf4 c5 20. dxc5 Bxc5
21. Qb3 Qe7 22. Bf5 Rcd8 23. Rfd1 bxa3 24. bxa3 d4 25. Ne5 Bd5 26. Qb5 Bxa3
27. Ra1 dxe3 28. fxe3 Bc5 29. Rd3 Nh5 30. Kh1 Bxe3 31. Rxd5 Rxd5 32. Qxd5
Nxf4 33. Bh7+ Kxh7 34. Qe4+ Kg8 35. Qxe3 Qxe5 36. Qxe5 Rxe5 37. g3 Ne6 38.
Kg2 Kf8 39. Kf3 Ke7 40. Ra4 Kd6 41. h4 Kc6 42. Rf4 Nxf4 {White resigns} 0-1

[Event "ICC tourney 1900 (45 10)"]
[Site "Internet Chess Club"]
[Date "2020.07.04"]
[Round "1"]
[White "math54321"]
[Black "dabpacman"]
[Result "1/2-1/2"]
[ICCResult "Game drawn by mutual agreement"]
[WhiteElo "1352"]
[BlackElo "1237"]
[Opening "Sicilian: Katalimov variation"]
[ECO "B27"]
[NIC "SI.43"]
[Time "11:07:20"]
[TimeControl "2700+10"]

1. e4 c5 2. Nf3 b6 3. Nc3 Bb7 4. d4 cxd4 5. Nxd4 e6 6. Be2 a6 7. Be3 Qc7 8.
Qd2 Bb4 9. Bf3 Nf6 10. e5 Nd5 11. Bxd5 Bxd5 12. f4 Nc6 13. O-O Bc4 14. Rf3
Bxc3 15. Qxc3 Bd5 16. Rff1 O-O 17. Nxc6 Bxc6 18. Rad1 f6 19. Bd4 f5 20. Be3
Rac8 21. Qd4 b5 22. Qb6 Qxb6 23. Bxb6 Bd5 24. c3 Rc6 25. Ba5 Kf7 26. Bb4 Rg8
27. h3 g5 28. g4 gxf4 29. Rxf4 h5 30. Rdd4 Rc4 31. Rxc4 Bxc4 32. b3 Bd5 33.
Kf2 hxg4 34. hxg4 Rxg4 35. Rxg4 fxg4 36. Kg3 Bf3 37. Kf4 Kg6 38. Bc5
{Game drawn by mutual agreement}
1/2-1/2

[Event "ICC tourney 1900 (45 10)"]
[Site "Internet Chess Club"]
[Date "2020.07.04"]
[Round "1"]
[White "Erky"]
[Black "sirking2800"]
[Result "1/2-1/2"]
[ICCResult "Game drawn by mutual agreement"]
[WhiteElo "1417"]
[BlackElo "1450"]
[Opening "King's Indian: 4.e4"]
[ECO "E70"]
[NIC "KI.31"]
[Time "11:07:28"]
[TimeControl "2700+10"]

1. d4 Nf6 2. c4 g6 3. Nc3 Bg7 4. e4 d6 5. Bd3 O-O 6. Nge2 Nc6 7. O-O e5 8.
d5 Ne7 9. f3 Ne8 10. Be3 f5 11. exf5 gxf5 12. Qc2 Kh8 13. Bd2 Nf6 14. Ng3
Qe8 15. Nxf5 Bxf5 16. Bxf5 Nxf5 17. Qxf5 Nxd5 18. Qd3 Nf4 19. Bxf4 Rxf4 20.
Nd5 Rd4 21. Qf5 Qc8 22. Qxc8+ Rxc8 23. b3 c6 24. Ne3 Rf8 25. Rad1 h5 26. g3
Bh6 27. Ng2 Rxf3 28. Rxd4 Rxf1+ 29. Kxf1 exd4 30. Nh4 Bg7 31. Ng6+ Kh7 32.
Nf4 Kh6 33. Ne6 Bf6 34. Ke2 Kg6 35. Kf3 Kf5 36. Nf4 h4 37. g4+ Ke5 38. h3 d5
39. Nd3+ Ke6 40. Nc5+ Ke5 41. Nd7+ Ke6 42. Nxf6 Kxf6 43. Kf4 b6 44. cxd5
cxd5 45. a4 a5 46. Kf3 Ke5 47. Ke2 Ke4 48. Kd2 d3 49. Kd1 Kf4 50. Kd2 Ke4
51. Kd1 Kd4 52. Kd2 Ke4 53. Kd1 Kf4 54. Kd2 {Game drawn by mutual agreement}
1/2-1/2

[Event "ICC tourney 1900 (45 10)"]
[Site "Internet Chess Club"]
[Date "2020.07.04"]
[Round "1"]
[White "KyleZhuang"]
[Black "Sanyi9Pakh"]
[Result "1-0"]
[ICCResult "Black resigns"]
[WhiteElo "1423"]
[BlackElo "1520"]
[Opening "Scandinavian: Marshall variation"]
[ECO "B01"]
[NIC "SD.03"]
[Time "11:08:07"]
[TimeControl "2700+10"]

1. e4 d5 2. exd5 Nf6 3. d4 Nxd5 4. Nf3 Bg4 5. Be2 e6 6. O-O Be7 7. c3 O-O 8.
Nbd2 c5 9. h3 Bh5 10. Re1 Nc6 11. Nb3 cxd4 12. Nbxd4 Nxd4 13. Nxd4 Bxe2 14.
Qxe2 Qc7 15. Nxe6 fxe6 16. Qxe6+ Kh8 17. Qxd5 Rad8 18. Qe4 Bc5 19. Be3 Qb6
20. Rad1 Bxe3 21. Qxe3 Rxd1 22. Rxd1 Qxb2 23. Qxa7 Qxc3 24. Qxb7 Qc2 25. Qf3
Qc5 26. Qe2 h6 27. Qe3 Qc2 28. Rd2 Qc1+ 29. Kh2 Qc7+ 30. Qg3 Qa7 31. Rc2 Rf7
32. Rc8+ Kh7 33. Qd3+ g6 34. Qc3 g5 35. Rh8+ Kg6 36. Qc6+ Rf6 37. Rxh6+ Kxh6
38. Qxf6+ Kh7 39. Qxg5 Qxa2 40. Qf5+ Kg7 41. h4 Qc4 42. Qg5+ Kh7 43. h5 Qd4
44. h6 Qd6+ 45. g3 Qd4 46. Qg7+ {Black resigns} 1-0

[Event "ICC tourney 1900 (45 10)"]
[Site "Internet Chess Club"]
[Date "2020.07.04"]
[Round "1"]
[White "aghilan"]
[Black "Roger436"]
[Result "1-0"]
[ICCResult "Black checkmated"]
[WhiteElo "1548"]
[BlackElo "1316"]
[Opening "Sicilian: accelerated fianchetto, modern variation"]
[ECO "B34"]
[NIC "SI.33"]
[Time "11:07:39"]
[TimeControl "2700+10"]

1. e4 c5 2. Nf3 Nc6 3. d4 cxd4 4. Nxd4 g6 5. Nc3 Bg7 6. Be3 Nf6 7. f3 O-O 8.
Bc4 Qb6 9. Bb3 Nxe4 10. Nd5 Qa5+ 11. c3 Nf6 12. Nxc6 dxc6 13. Nxe7+ Kh8 14.
Nxc8 Raxc8 15. O-O Rce8 16. Qd2 Rd8 17. Qf2 b6 18. Rad1 Kg8 19. Rd2 Rfe8 20.
Rfd1 Rxd2 21. Qxd2 Qe5 22. Re1 Bh6 23. Kf2 Qxh2 24. Bxh6 Qh4+ 25. Kf1 Rxe1+
26. Qxe1 Qxh6 27. Qe7 Nd5 28. Bxd5 cxd5 29. Ke2 Qh2 30. Kf2 Qf4 31. Qxa7
Qd2+ 32. Kg3 Qxb2 33. Qb8+ Kg7 34. Qe5+ Kg8 35. Qxd5 Qxc3 36. Qd8+ Kg7 37.
Qxb6 Qe1+ 38. Kh3 Qh1+ 39. Kg3 Qe1+ 40. Qf2 Qe5+ 41. Kh3 Qh5+ 42. Qh4 Qf5+
43. Qg4 Qb1 44. Qd4+ Kg8 45. a4 Qh1+ 46. Kg3 Qe1+ 47. Kh2 Qa5 48. Kg3 Qe1+
49. Kf4 Qh4+ 50. Ke5 Qe7+ 51. Kd5 Qd7+ 52. Kc5 Qa7+ 53. Kd5 Qd7+ 54. Ke4
Qf5+ 55. Ke3 Qe6+ 56. Kf2 Qa2+ 57. Kg3 Qe6 58. Qb4 Qe5+ 59. f4 Qe3+ 60. Kh2
h5 61. a5 h4 62. a6 Qg3+ 63. Kh1 h3 64. Qb7 hxg2+ 65. Kg1 Qh3 66. Qa8+ Kg7
67. Qxg2 Qe3+ 68. Qf2 Qc1+ 69. Kh2 Qd1 70. a7 Qd8 71. Qb2+ Kh6 72. Qg2 Qd6
73. a8=Q Qxf4+ 74. Qg3 Qd2+ 75. Qag2 Qa5 76. Qh4+ Kg7 77. Qb2+ Kf8 78. Qbh8#
{Black checkmated}
1-0

[Event "ICC tourney 1900 (45 10)"]
[Site "Internet Chess Club"]
[Date "2020.07.04"]
[Round "1"]
[White "chessisthebest1"]
[Black "rcww2020"]
[Result "1-0"]
[ICCResult "Black resigns"]
[WhiteElo "1484"]
[BlackElo "1309"]
[Opening "Sicilian: Taimanov variation"]
[ECO "B45"]
[NIC "SI.39"]
[Time "11:07:20"]
[TimeControl "2700+10"]

1. e4 c5 2. Nf3 e6 3. d4 cxd4 4. Nxd4 Nc6 5. Nc3 Nf6 6. Nxc6 bxc6 7. e5 Nd5
8. Ne4 Be7 9. c4 Nb6 10. Be3 O-O 11. Be2 Bb7 12. O-O Rc8 13. Bc5 Bxc5 14.
Nxc5 Ba8 15. Qd6 Qc7 16. Rad1 Qxd6 17. Rxd6 Rfd8 18. Rfd1 Rc7 19. b3 Kf8 20.
Bg4 Ke7 21. Bxe6 fxe6 22. Nxe6 dxe6 23. Rxd8 Bb7 24. R8d3 c5 25. f4 Rd7 26.
Kf2 Rxd3 27. Rxd3 Nc8 28. a3 Be4 29. Re3 Bg6 30. b4 Kd7 31. Rc3 Kc6 32. Ke3
a6 33. g4 Nb6 34. Kd2 Bb1 35. Rc1 Bg6 36. Kc3 Be4 37. Rd1 Nc8 38. Rd8 Kc7
39. Rg8 Bg6 40. Rxg7+ Kd8 41. Rb7 cxb4+ 42. axb4 Ke8 43. Kd4 Kd8 44. c5 Bb1
45. c6 Bg6 46. Kc5 Be4 47. Rd7+ Ke8 48. Rd4 Bg6 49. c7 Bc2 50. Rd8+ Ke7 51.
Rxc8 {Black resigns} 1-0

[Event "ICC tourney 1900 (45 10)"]
[Site "Internet Chess Club"]
[Date "2020.07.04"]
[Round "1"]
[White "cdj12417489"]
[Black "Otelo"]
[Result "0-1"]
[ICCResult "White forfeits on time"]
[WhiteElo "1344"]
[BlackElo "1633"]
[Opening "Sicilian: Taimanov variation"]
[ECO "B48"]
[NIC "SI.40"]
[Time "11:08:07"]
[TimeControl "2700+10"]

1. e4 c5 2. Nf3 e6 3. d4 cxd4 4. Nxd4 Nc6 5. Nc3 Qc7 6. Be3 a6 7. a3 Nf6 8.
Be2 Be7 9. f4 Nxd4 10. e5 Nxe2 11. Qxe2 Nd5 12. Nxd5 exd5 13. O-O-O b5 14.
Qd3 Bb7 15. Bd4 O-O 16. Rhf1 Qc4 17. Qg3 Rac8 18. c3 Bc5 19. Bxc5 Rxc5 20.
f5 Qe2 21. f6 g6 22. Qh3 Kh8 23. Qh6 Rg8 24. Rf3 Qe4 25. Rh3 g5 26. Qh5 Qg6
27. Rdd3 g4 28. Qxh7+ Qxh7 29. Rxh7+ Kxh7 30. Rd4 Rc4 31. Kd2 Rg5 32. b3
Rxd4+ 33. cxd4 Rh5 34. Ke3 Rxh2 35. Kf2 Kg6 36. Kg3 Rh1 37. Kxg4 Ra1 38. Kf4
Rxa3 39. g4 Rxb3 40. g5 a5 41. e6 dxe6 42. Ke5 a4 43. Kd6 Rc3 44. Kd7 a3 45.
Kd6 a2 46. Ke5 a1=Q {White forfeits on time} 0-1

[Event "ICC tourney 1900 (45 10)"]
[Site "Internet Chess Club"]
[Date "2020.07.04"]
[Round "1"]
[White "steinutz"]
[Black "DankMemer"]
[Result "0-1"]
[ICCResult "White checkmated"]
[WhiteElo "1338"]
[BlackElo "1543"]
[Opening "Queen's pawn"]
[ECO "A40"]
[NIC "QO.17"]
[Time "11:07:34"]
[TimeControl "2700+10"]

1. d4 e6 2. Bf4 c5 3. e3 Nf6 4. c3 d5 5. Nd2 Bd6 6. Bg3 Nc6 7. Ngf3 Nh5 8.
Bxd6 Qxd6 9. Be2 Nf6 10. O-O O-O 11. Re1 e5 12. dxe5 Nxe5 13. Nxe5 Qxe5 14.
Nf3 Qc7 15. h3 b6 16. Rc1 Bb7 17. Qc2 h6 18. Nd2 Rac8 19. Bf3 Rfe8 20. a3
Re7 21. c4 dxc4 22. Bxb7 Qxb7 23. Nxc4 Rd8 24. Rcd1 Red7 25. Rxd7 Qxd7 26.
Re2 Qd1+ 27. Qxd1 Rxd1+ 28. Kh2 Kf8 29. f3 b5 30. Rd2 Rxd2 31. Nxd2 a6 32.
Kg1 c4 33. Kf2 Ke7 34. e4 Kd6 35. Ke3 Nd7 36. Nb1 Nc5 37. Nc3 Kc6 38. g4 g5
39. Kd4 a5 40. Nd5 Na4 41. Ne7+ Kd7 42. Nf5 Nxb2 43. Nxh6 b4 44. Nxf7 bxa3
45. h4 a2 46. hxg5 a1=Q 47. g6 Nd3+ 48. Kd5 Qg7 49. Kxc4 Qxg6 50. Kxd3 Qxf7
51. Ke3 a4 52. f4 a3 53. g5 a2 54. f5 a1=Q 55. g6 Qfg7 56. Kf4 Qae5+ 57. Kf3
Kc6 58. Ke3 Kc5 59. Kf3 Kd4 60. f6 Qxe4+ 61. Kg3 Qxf6 62. g7 Qxg7+ 63. Kh3
Qeh7# {White checkmated} 0-1

[Event "ICC tourney 1900 (45 10)"]
[Site "Internet Chess Club"]
[Date "2020.07.04"]
[Round "1"]
[White "JunlinTheWorld"]
[Black "gardemarin13"]
[Result "1-0"]
[ICCResult "Black resigns"]
[WhiteElo "1522"]
[BlackElo "1425"]
[Opening "Sicilian: accelerated fianchetto, modern variation with Bc4"]
[ECO "B35"]
[NIC "SI.33"]
[Time "11:08:43"]
[TimeControl "2700+10"]

1. e4 c5 2. Nf3 g6 3. d4 cxd4 4. Nxd4 Nc6 5. Nc3 Bg7 6. Be3 Nf6 7. Bc4 O-O
8. Bb3 a5 9. a4 Ng4 10. Qxg4 Nxd4 11. Bxd4 Bxd4 12. Qg3 d6 13. O-O Be6 14.
Qd3 Bxb3 15. Qxd4 Bxc2 16. Ra3 f5 17. Qd5+ Kg7 18. Re1 fxe4 19. Nxe4 Qb6 20.
Qd2 Bxe4 21. Rxe4 e5 22. Rh3 Kg8 23. Rd3 Rac8 24. Re1 Rf6 25. h3 Rcf8 26.
Re2 Rc8 27. Re1 Rc4 28. b3 Rcf4 29. Re2 Qc5 30. Rd5 Qb6 31. Rb5 Qc7 32. Rxa5
Kg7 33. Rb5 Rd4 34. Qc2 Qf7 35. f3 d5 36. Rxe5 Rc6 37. Qb2 Rd1+ 38. Re1+
{Black resigns}
1-0

[Event "ICC tourney 1900 (45 10)"]
[Site "Internet Chess Club"]
[Date "2020.07.04"]
[Round "1"]
[White "harkerchess"]
[Black "Alexbander"]
[Result "0-1"]
[ICCResult "White checkmated"]
[WhiteElo "1403"]
[BlackElo "1301"]
[Opening "English: Bremen, reverse dragon"]
[ECO "A22"]
[NIC "EO.10"]
[Time "11:07:41"]
[TimeControl "2700+10"]

1. c4 e5 2. Nc3 Nf6 3. g3 d5 4. cxd5 Nxd5 5. Bg2 Nb6 6. Nf3 Nc6 7. O-O Be7
8. a3 Be6 9. b4 O-O 10. d3 f6 11. Bb2 Qd7 12. Rc1 a5 13. b5 Na7 14. a4 c6
15. bxc6 Nxc6 16. Ne4 Nb4 17. Nc3 N4d5 18. Nb5 Rfc8 19. Rxc8+ Rxc8 20. Nd2
Nb4 21. d4 Rc2 22. Ba3 Ra2 23. Ne4 exd4 24. Qb1 Nxa4 25. Bxb4 Rb2 26. Bxe7
Rxb1 27. Rxb1 Qxe7 28. Nxd4 Bd5 29. Nxf6+ gxf6 30. Bxd5+ Kf8 31. Ne6+ Ke8
32. Rxb7 Qd6 33. Bc4 Nc3 34. Rxh7 Nxe2+ 35. Kf1 Qd1+ 36. Kg2 Nd4 37. Nc7+
Kd8 38. Bd5 a4 39. Na6 Nc2 40. Rh8+ Ke7 41. Bc6 a3 42. Rh7+ Kf8 43. Rd7 Qe2
44. Nc5 Ne3+ 45. Kh3 Qg4# {White checkmated} 0-1

[Event "ICC tourney 1900 (45 10)"]
[Site "Internet Chess Club"]
[Date "2020.07.04"]
[Round "1"]
[White "natez"]
[Black "vibi"]
[Result "1/2-1/2"]
[ICCResult "Game drawn by mutual agreement"]
[WhiteElo "1368"]
[BlackElo "1464"]
[Opening "Queen's pawn game"]
[ECO "D04"]
[NIC "QP.06"]
[Time "11:07:16"]
[TimeControl "2700+10"]

1. d4 Nf6 2. Nf3 d5 3. e3 Bg4 4. c4 e6 5. Nbd2 c6 6. Qb3 Qc7 7. Ne5 Bh5 8.
Bd3 Nfd7 9. Nxd7 Nxd7 10. O-O Be7 11. e4 dxe4 12. Nxe4 O-O 13. Qc2 Bg6 14.
b3 Rfd8 15. Bb2 Rac8 16. Qe2 Nf6 17. Rad1 Qf4 18. g3 Qc7 19. Rfe1 Nxe4 20.
Bxe4 Bxe4 21. Qxe4 Bf6 22. Bc1 Qa5 23. Re2 Rd7 24. Bf4 Rcd8 25. Red2 e5 26.
dxe5 Rxd2 27. Rxd2 Rxd2 28. Bxd2 Qxe5 29. Qxe5 Bxe5 30. Be3 b6 31. Kf1 c5
32. Ke2 Kf8 33. Kd3 Ke7 34. Ke4 Ke6 35. f4 f5+ 36. Kd3 Bf6 37. h3 h5 38. h4
Bb2 39. Kc2 Bf6 40. Bf2 {Game drawn by mutual agreement} 1/2-1/2

[Event "ICC tourney 1900 (45 10)"]
[Site "Internet Chess Club"]
[Date "2020.07.04"]
[Round "1"]
[White "prnavneet"]
[Black "Ajitesh20091"]
[Result "1-0"]
[ICCResult "Black checkmated"]
[WhiteElo "1499"]
[BlackElo "1313"]
[Opening "R?ti opening"]
[ECO "A05"]
[NIC "QP.11"]
[Time "11:07:55"]
[TimeControl "2700+10"]

1. Nf3 Nf6 2. b3 g6 3. Bb2 Bg7 4. g3 d5 5. Bg2 e6 6. O-O O-O 7. c4 c5 8. d3
Nc6 9. Nbd2 Re8 10. a3 b6 11. Qc2 Bb7 12. Rfe1 Rc8 13. h3 Qc7 14. cxd5 exd5
15. e4 dxe4 16. dxe4 Rcd8 17. Nc4 Nd4 18. Nxd4 cxd4 19. Qd3 Nd7 20. b4 Ba6
21. Rac1 Rc8 22. Bf1 Bxc4 23. Rxc4 Qd6 24. f4 Nb8 25. e5 Qd7 26. Rxd4 Qa4
27. Rc4 Rcd8 28. Qc2 Qxc2 29. Rxc2 Rc8 30. Rec1 Rcd8 31. Kf2 Bf8 32. Bb5 Re7
33. Ke3 a6 34. Be2 Red7 35. Rc8 Be7 36. Rxd8+ Rxd8 37. Bd4 b5 38. Bb6 Re8
39. Bg4 Kf8 40. Bc5 h5 41. Bxe7+ Rxe7 42. Rc8+ Re8 43. Rxe8+ Kxe8 44. Bf3
Kd8 45. Kd4 Kc7 46. Bd5 f6 47. exf6 Kd7 48. Ke5 Ke8 49. Ke6 Kf8 50. f7 g5
51. fxg5 a5 52. Bb7 a4 53. h4 Nd7 54. Kxd7 Kxf7 55. Kd6 Kg6 56. Ke5 Kf7 57.
Bc6 Kg7 58. Bxb5 Kg8 59. Bxa4 Kg7 60. Bb3 Kg6 61. b5 Kg7 62. b6 Kf8 63. b7
Ke7 64. b8=Q Kd7 65. Qd6+ Kc8 66. Qe7 Kb8 67. Kd6 Ka8 68. Kc6 Kb8 69. Qb7#
{Black checkmated}
1-0

[Event "ICC tourney 1900 (45 10)"]
[Site "Internet Chess Club"]
[Date "2020.07.04"]
[Round "1"]
[White "Joshua1"]
[Black "whyyoutrysohard"]
[Result "1-0"]
[ICCResult "Black checkmated"]
[WhiteElo "1554"]
[BlackElo "1423"]
[Opening "King's Indian: Kramer system"]
[ECO "E70"]
[NIC "KI.52"]
[Time "11:07:21"]
[TimeControl "2700+10"]

1. d4 Nf6 2. c4 g6 3. Nc3 Bg7 4. e4 d6 5. Nge2 O-O 6. f3 c5 7. d5 Nbd7 8.
Ng3 h5 9. Be3 Ne5 10. Be2 e6 11. O-O exd5 12. cxd5 Nh7 13. Qd2 h4 14. Nh1 f5
15. Nf2 Qf6 16. f4 Ng4 17. Nxg4 fxg4 18. Rae1 Qe7 19. Bc4 Qd7 20. e5 dxe5
21. Bxc5 Rxf4 22. Rxf4 exf4 23. d6+ Kh8 24. Re7 Qf5 25. Bd4 Nf6 26. Bxf6
Bxf6 27. Re8+ Kh7 28. Bg8+ Kg7 29. d7 h3 30. Be6 Qc5+ 31. Kf1 f3 32. gxf3 g3
33. hxg3 h2 34. Qxh2 Bxd7 35. Qh8# {Black checkmated} 1-0

[Event "ICC tourney 1900 (45 10)"]
[Site "Internet Chess Club"]
[Date "2020.07.04"]
[Round "1"]
[White "sushivishwa"]
[Black "CoastalJourney"]
[Result "1-0"]
[ICCResult "Black resigns"]
[WhiteElo "1458"]
[BlackElo "1397"]
[Opening "Scandinavian defense"]
[ECO "B01"]
[NIC "SD.03"]
[Time "11:07:27"]
[TimeControl "2700+10"]

1. e4 d5 2. exd5 Nf6 3. Bb5+ Nbd7 4. Nc3 a6 5. Be2 Nb6 6. Nf3 Nbxd5 7. Nxd5
Nxd5 8. d4 Bg4 9. c4 Nb6 10. b3 g6 11. Bb2 Bg7 12. Qd2 O-O 13. Rd1 e6 14. h3
Bxf3 15. Bxf3 c6 16. O-O Qc7 17. Bc3 Rac8 18. Qe3 Rfe8 19. Rfe1 Nd7 20. Qd2
Nf6 21. Qb2 Nd7 22. Re2 Nf8 23. Rde1 Qd7 24. Rd2 Red8 25. Red1 Qe7 26. Rd3
h5 27. Qd2 Nh7 28. Ba5 Re8 29. Bb6 Ng5 30. Bc5 Nxf3+ 31. Rxf3 Qc7 32. Qb4 a5
33. Qa3 b6 34. Bd6 Qb7 35. Rfd3 Ra8 36. Qc1 b5 37. Be5 a4 38. Bxg7 Kxg7 39.
Qc3 b4 40. Qe1 Reb8 41. Qe5+ Kg8 42. Rg3 Kh7 43. Qf6 Rd8 44. Rf3 Kg8 45. Re1
Re8 46. Re5 Qe7 47. Qf4 axb3 48. axb3 Ra1+ 49. Kh2 Rb1 50. Rg3 Kg7 51. Rxh5
Qf6 52. Rh7+ Kxh7 53. Qxf6 Kg8 54. Rg4 Rxb3 55. Rh4 {Black resigns} 1-0

[Event "ICC tourney 1900 (45 10)"]
[Site "Internet Chess Club"]
[Date "2020.07.04"]
[Round "1"]
[White "HAPPYKING99"]
[Black "mydogeatschess"]
[Result "1/2-1/2"]
[ICCResult "Game drawn by repetition"]
[WhiteElo "1375"]
[BlackElo "1310"]
[Opening "Ruy Lopez: Marshall counter-attack, 11...c6"]
[ECO "C89"]
[NIC "RL.17"]
[Time "11:07:52"]
[TimeControl "2700+10"]

1. e4 e5 2. Nf3 Nc6 3. Bb5 a6 4. Ba4 Nf6 5. O-O Be7 6. Re1 b5 7. Bb3 O-O 8.
c3 d5 9. exd5 Nxd5 10. Nxe5 Nxe5 11. Rxe5 c6 12. d3 Bd6 13. Re1 Bf5 14. Nd2
Bxd3 15. Nf3 Bg6 16. Nd4 Qc7 17. g3 Rae8 18. Rxe8 Rxe8 19. Nxc6 Nxc3 20.
bxc3 Qxc6 21. Bb2 Be4 22. Qf1 Bc5 23. Re1 Bf3 24. Bc1 Rxe1 25. Qxe1 Bh1 26.
Qf1 Qe4 27. Be3 Bxe3 28. fxe3 Bf3 29. Qf2 h5 30. Bc2 Qd5 31. Bb3 Qc6 32. Qd2
g6 33. Qd8+ Kg7 34. Qd4+ Qf6 35. Qf4 Bg4 36. c4 Qa1+ 37. Kg2 Qb2+ 38. Qf2
Bh3+ 39. Kf3 Qf6+ 40. Ke2 Qb2+ 41. Kf3 Qe5 42. Ke2 bxc4 43. Bxc4 Qb2+ 44.
Kf3 Qb7+ 45. Ke2 Qb2+ 46. Kf3 Qxf2+ 47. Kxf2 a5 48. Bb5 f6 49. e4 g5 50. Be8
Bg4 51. Ke3 h4 52. gxh4 gxh4 53. Kf4 Be6 54. a3 Kf8 55. Bh5 Ke7 56. Bg4 Bb3
57. Bf5 Kd6 58. Kg4 Ke5 59. Kxh4 Bc2 60. Kg4 Bxe4 61. Bxe4 Kxe4 62. h4 f5+
63. Kg3 Ke3 64. h5 f4+ 65. Kg2 Ke2 66. h6 f3+ 67. Kg3 f2 68. h7 f1=Q 69.
h8=Q Qf3+ 70. Kh2 Qxa3 71. Qe5+ Kd2 72. Qd5+ Kc2 73. Qc4+ Kb1 74. Qf1+ Ka2
75. Qf7+ Qb3 76. Qf1 a4 77. Kg1 a3 78. Qf2+ Qb2 79. Qf7+ Kb1 80. Qf5+ Qc2
81. Qb5+ Kc1 82. Qg5+ Kb2 83. Qb5+ Qb3 84. Qe2+ Kc3 85. Qe3+ Kb4 86. Qb6+
Kc4 87. Qe6+ Kc3 88. Qe3+ Kb2 89. Qe2+ Ka1 90. Qe5+ Qb2 91. Qe4 a2 92. Qe3
Kb1 93. Qd3+ Qc2 94. Qb5+ Kc1 95. Qg5+ Qd2 96. Qc5+ Kd1 97. Qh5+ Qe2 98.
Qd5+ Qd2 99. Qh5+ Kc2 100. Qc5+ Kb1 101. Qf5+ Qc2 102. Qb5+ Ka1 103. Qe5+
Qb2 104. Qe3 Qb1+ 105. Kf2 Qc2+ 106. Kg1 Qb1+ 107. Kf2 Qc2+ 108. Kg1 Qd1+
109. Kf2 Qc2+ 110. Kg1 {Game drawn by repetition} 1/2-1/2

[Event "ICC tourney 1900 (45 10)"]
[Site "Internet Chess Club"]
[Date "2020.07.04"]
[Round "1"]
[White "Legal757"]
[Black "saanvichess"]
[Result "1-0"]
[ICCResult "Black resigns"]
[WhiteElo "1483"]
[BlackElo "1317"]
[Opening "French: King's Indian attack"]
[ECO "C00"]
[NIC "FR.02"]
[Time "11:07:33"]
[TimeControl "2700+10"]

1. e4 e6 2. d3 d5 3. Nd2 c5 4. Ngf3 Nc6 5. g3 Bd6 6. Bg2 Nf6 7. O-O O-O 8.
Re1 Bc7 9. c3 Re8 10. e5 Nd7 11. d4 cxd4 12. cxd4 f6 13. exf6 Qxf6 14. Nb1
Nb6 15. Nc3 Rf8 16. Rf1 Bd7 17. b3 e5 18. Bg5 Qe6 19. dxe5 Nxe5 20. Nxe5
Bxe5 21. Rc1 Bc6 22. Ne2 Nd7 23. Nd4 Bxd4 24. Qxd4 Ne5 25. Rce1 Qg4 26. Qxe5
Rae8 27. Be7 Qd7 28. Qe6+ Qxe6 29. Rxe6 Kf7 30. Rfe1 Rg8 31. R6e5 g6 32. Bc5
Rxe5 33. Rxe5 Rd8 34. Bd4 Re8 35. Rxe8 Kxe8 36. Bxa7 Kd7 37. Bd4 Ke6 38.
Bh3+ Ke7 39. Kf1 Bb5+ 40. Ke1 Kd6 41. b4 Bc4 42. a4 Kc6 43. Bf1 Bb3 44. Bb5+
Kc7 45. a5 Bc2 46. Kd2 Be4 47. Bb6+ Kd6 48. f4 Bf5 49. Ke3 Be4 50. Kd4 Bf5
51. Ba7 Be4 52. Bb8+ Ke6 53. Kc5 Bf5 54. Be5 Be4 55. Kb6 Ke7 56. Bd4 Kd6 57.
Kxb7 Bf5 58. a6 Bd7 59. Bxd7 Kxd7 60. a7 Kd8 61. a8=Q+ {Black resigns} 1-0

[Event "ICC tourney 1900 (45 10)"]
[Site "Internet Chess Club"]
[Date "2020.07.04"]
[Round "1"]
[White "chessp1234"]
[Black "advaith06"]
[Result "1/2-1/2"]
[ICCResult "Game drawn by mutual agreement"]
[WhiteElo "1464"]
[BlackElo "1591"]
[Opening "Sicilian: Richter-Rauzer, Rauzer attack, 7...a6 defense, 9...Be7"]
[ECO "B68"]
[NIC "SI.27"]
[Time "11:07:27"]
[TimeControl "2700+10"]

1. e4 c5 2. Nf3 Nc6 3. d4 cxd4 4. Nxd4 Nf6 5. Nc3 d6 6. Bg5 e6 7. Qd2 Be7 8.
f4 a6 9. O-O-O Bd7 10. Be2 b5 11. a3 Qb6 12. Nxc6 Bxc6 13. Bf3 b4 14. axb4
Qxb4 15. e5 Bxf3 16. gxf3 Rb8 17. b3 Rc8 18. exd6 Bxd6 19. Qxd6 Qxc3 20. Qd3
Nd5 21. Qxc3 Rxc3 22. f5 O-O 23. fxe6 fxe6 24. Rhe1 Kf7 25. Rd3 Rxd3 26.
cxd3 Rc8+ 27. Kd2 Nb4 28. Rc1 Rxc1 29. Kxc1 Nxd3+ 30. Kd2 Nc5 31. b4 Nb7 32.
Bf4 Kf6 33. Bc7 e5 34. Ke3 Ke6 35. f4 Nd6 36. h3 Kd5 37. fxe5 Kxe5 38. Kd3
Kd5 39. Bd8 Ne4 40. Bh4 Nd6 41. Bf2 Nc4 42. Kc3 Ne5 43. Kb3 Nc6 44. Kc3 g6
45. Be3 Ne5 46. Bg5 Nf3 47. Bd8 Ng1 48. h4 Nf3 49. Be7 h5 50. Bd8 Nd4 51.
Bf6 Nc6 52. Bg5 Na7 53. Bd8 Nb5+ 54. Kd3 Na7 55. Kc3 Nc6
{Game drawn by mutual agreement}
1/2-1/2

[Event "ICC tourney 1900 (45 10)"]
[Site "Internet Chess Club"]
[Date "2020.07.04"]
[Round "1"]
[White "Taechess"]
[Black "saisneha"]
[Result "0-1"]
[ICCResult "White checkmated"]
[WhiteElo "1946"]
[BlackElo "1562"]
[Opening "Giuoco Piano"]
[ECO "C54"]
[NIC "IG.02"]
[Time "11:07:29"]
[TimeControl "2700+10"]

1. e4 e5 2. Nf3 Nc6 3. Bc4 Bc5 4. c3 Nf6 5. d4 exd4 6. cxd4 Bb4+ 7. Bd2
Bxd2+ 8. Nbxd2 d5 9. exd5 Nxd5 10. O-O O-O 11. Rc1 Nb6 12. Bb3 Bg4 13. h3
Bh5 14. Rc5 Bg6 15. Nc4 Nxc4 16. Bxc4 Qd6 17. Rd5 Qb4 18. Qc1 Be4 19. Rb5
Qd6 20. Nd2 Bg6 21. d5 a6 22. Rb3 Na5 23. Ra3 Nxc4 24. Qxc4 Rad8 25. Nf3
Qxd5 26. Qxc7 Rc8 27. Qb6 Rc2 28. Re1 Be4 29. Ra5 Qd3 30. Ne5 Qd2 31. Rxe4
Rxb2 32. Qd4 Rb1+ 33. Kh2 Qxa5 34. Rg4 Qb6 35. Qc3 Qd6 36. f4 Qf6 37. Qc2 h5
38. Nd7 Qa1 39. Rg5 Rh1+ 40. Kg3 Qe1+ 41. Qf2 h4+ 42. Kg4 f5+ 43. Rxf5 Qxf2
44. Rxf8+ Kh7 45. Rf7 Qg3+ 46. Kf5 Qg6+ 47. Ke5 Qxf7 48. Nc5 Re1+ 49. Kd6
Qe7+ 50. Kd5 Rd1+ 51. Kc4 Rc1+ 52. Kb3 Qxc5 53. g3 Rb1+ 54. Ka4 Qb5+ 55. Ka3
Qb4# {White checkmated} 0-1